 Dungeon Crawl Stone Soup version 0.14-a0-1863-gcc20582 (webtiles) character file.

330 Kae the Insei (level 5, -6/40 HPs)
             Began as a Draconian Transmuter on Jan 13, 2014.
             Mangled by an ogre
             ... wielding a +0,+0 giant spiked club
              (9 damage)
             ... on Level 4 of the Dungeon.
             The game lasted 00:05:31 (3695 turns).

Kae the Insei (Draconian Transmuter)                Turns: 3695, Time: 00:05:31

HP  -6/40        AC  5     Str 12      XL: 5   Next: 56%
MP   9/9         EV 12     Int 13      God:
Gold 120         SH  0     Dex 13      Spells:  2 memorised,  5 levels left

rFire  . . .     SeeInvis .       - Unarmed
rCold  . . .     Clarity  .     (armour unavailable)
rNeg   . . .     Conserve .     (no shield)
rPois  .         rCorr    .     (helmet restricted)
rElec  .         rRot     .     (no cloak)
SustAb . .       Spirit   .     (no gloves)
rMut   .         Warding  .     (no boots)
Saprov . . .     Stasis   .     (no amulet)
MR     .....                    (no ring)
                                (no ring)

@: very slightly contaminated, hasted, very quick, not resistant to hostile
enchantments, unstealthy
A: unfitting armour, AC +5
a: no special abilities


You were on level 4 of the Dungeon.
You were not hungry.

You visited 1 branch of the dungeon, and saw 4 of its levels.

You collected 120 gold pieces.

Inventory:

Missiles
 b - 86 arrows
 c - 11 arrows of dispersal
Magical devices
 i - a wand of slowing (13) {unknown}
Comestibles
 a - 3 bread rations
 t - a rotting chunk of rat flesh
 u - 2 chunks of hound flesh
Scrolls
 e - a scroll of teleportation
 g - 2 scrolls of identify {unknown}
 m - a scroll of curse weapon {unknown}
 n - a scroll of enchant weapon I {unknown}
 o - a scroll of enchant armour {unknown}
 p - a scroll of remove curse {unknown}
 s - a scroll of fear {unknown}
Jewellery
 q - a +2 ring of strength {unknown}
Potions
 f - a potion of lignification
 h - a potion of speed
 j - a potion of heal wounds {unknown}
 k - a potion of porridge
 l - a potion of poison {unknown}
 r - a potion of agility {unknown}
Books
 d - a book of Changes

   Spells                             Type                      Level
   *Beastly Appendage                 Transmutation                1
   *Sticks to Snakes                  Transmutation                2
   Spider Form                        Transmutation/Poison         3
   Ice Form                           Ice/Transmutation            4
   Blade Hands                        Transmutation                5


   Skills:
 - Level 1.1 Fighting
 - Level 1.7 Dodging
 + Level 6.3 Unarmed Combat
 - Level 2.0 Spellcasting
 - Level 2.0 Transmutations


You had 5 spell levels left.
You knew the following spells:

 Your Spells              Type           Power        Failure   Level  Hunger
a - Beastly Appendage     Trmt           #.....       12%         1    ##.....
b - Sticks to Snakes      Trmt           #.........   17%         2    ###....


Dungeon Overview and Level Annotations

Branches:
Dungeon (4/16)
 Temple: D:4-7

Altars:
Ashenzari

Annotations:
D:3 Prince Ribbit, Sigmund


Message History

Prince Ribbit closely misses you.
You climb upwards.
Level annotation: Sigmund
There is a stone staircase leading down here.
You can't go up here!
You can't go up here!
Quiver which item? (- for none, * to show all) (? for menu, Esc to quit)
Okay, then.
Unknown command.
Quiver which item? (- for none, * to show all) (? for menu, Esc to quit)
Okay, then.
Unknown command.
Quiver which item? (- for none, * to show all) (? for menu, Esc to quit)
Okay, then.
Drink which item? (? for menu, Esc to quit)
You feel yourself speed up.
It was a potion of speed.
Prince Ribbit blinks!
You are very lightly contaminated with residual magic.
You climb downwards.
The ogre hits you with a giant spiked club!
You die...

########..# #..# #..#
#..#####
########......#
#..........##.#
##)######.#.##.#
..####...### #.#.##.#
.........@O# #.#.##.#
.#####...#.###.#.##.#
##.##.....g....#
.######.##.###.#.####
.g. ........##.#
#.#.# ..#
#...........# #.#.#
..# .#####..##.#
#.#.# ..>
#..##.###.#g######
#.#
#.....g.....(....#


You could see an ogre.

Vanquished Creatures
  A giant frog skeleton (D:4)
  A hound (D:4)
  3 gnolls (D:4)
  5 adders
  8 giant geckos
  An orc (D:3)
  3 ball pythons
  4 bats
  5 giant cockroaches
  8 goblins
  10 hobgoblins
  2 jackals (D:1)
  A quokka (D:2)
  3 giant newts
  9 kobolds
  12 rats
76 creatures vanquished.

Notes
Turn   | Place    | Note
--------------------------------------------------------------
     0 | D:1      | Kae, the Draconian Transmuter, began the quest for the Orb.
     0 | D:1      | Reached XP level 1. HP: 16/16 MP: 3/3
   699 | D:1      | Reached XP level 2. HP: 21/23 MP: 2/4
   703 | D:1      | Learned a level 2 spell: Sticks to Snakes
   782 | D:1      | HP: 1/23 [kobold/dagger (1)]
  1006 | D:1      | Reached skill level 4 in Unarmed Combat
  1251 | D:1      | Reached XP level 3. HP: 14/28 MP: 4/6
  1559 | D:2      | Found a shattered altar of Ashenzari.
  1930 | D:2      | Reached skill level 5 in Unarmed Combat
  1930 | D:2      | Reached XP level 4. HP: 32/35 MP: 7/7
  2649 | D:3      | Noticed Sigmund
  3007 | D:4      | Reached XP level 5. HP: 20/40 MP: 9/9
  3018 | D:4      | HP: 1/40 [gnoll/spear (5)]
  3116 | D:4      | Reached skill level 6 in Unarmed Combat
  3332 | D:4      | Noticed Prince Ribbit
  3332 | D:4      | Noticed an ogre
  3695 | D:4      | Mangled by an ogre

Action                   |  1- 3 |  4- 6 || total
-------------------------+-------+-------++-------
Melee: Unarmed           |   166 |   118 ||   284
 Cast: Beastly Appendage |     8 |     9 ||    17
  Use: Potion            |       |     3 ||     3
       Scroll            |       |     2 ||     2
